 Dungeon Crawl Stone Soup version 0.28.0-45-g0d030f2227 (webtiles) character file.

Game seed: 17074086679460508952

2021 protoss039 the Conjurer (level 9, -1/69 HPs)
             Began as a Demonspawn Conjurer on May 13, 2022.
             Was a Believer of Vehumet.
             Shot with a sling bullet by something (8 damage)
             ... on level 7 of the Dungeon.
             The game lasted 00:17:17 (8176 turns).

protoss039 the Conjurer (Demonspawn Conjurer)       Turns: 8176, Time: 00:17:18

Health: -1/69      AC:  6    Str:  8    XL:     9   Next: 3%
Magic:  9/17       EV: 12    Int: 23    God:    Vehumet [**....]
Gold:   359        SH:  0    Dex: 20    Spells: 9/19 levels left

rFire   . . .      SeeInvis .   g - +2 dagger (protect)
rCold   . . .      Faith    .   (no shield)
rNeg    . . .      Spirit   .   f - +2 leather armour {rPois}
rPois   +          Reflect  .   (no helmet)
rElec   .          Harm     .   (no cloak)
rCorr   .          Rampage  .   v - +0 pair of gloves
Will    .....                   (no boots)
Stlth   +++.......              x - amulet of regeneration
HPRegen 1.01/turn               u - +6 ring of dexterity
MPRegen 0.30/turn               (no ring)

@: no status effects
A: hooves 2, thin skeletal structure 1, demonic guardian 1, magic regeneration
a: Renounce Religion


You were on level 7 of the Dungeon.
You worshipped Vehumet.
Vehumet was pleased with you.
You visited 2 branches of the dungeon, and saw 8 of its levels.

You collected 541 gold pieces.
You spent 182 gold pieces at shops.

Inventory:

Hand Weapons
 a - a +1 spear of venom
 g - a +2 dagger of protection (weapon)
Missiles
 G - a throwing net
Armour
 f - a +2 leather armour of poison resistance (worn)
 v - a +0 pair of gloves (worn)
Jewellery
 u - a +6 ring of dexterity (left hand)
 x - an amulet of regeneration (around neck)
Wands
 q - a wand of iceblast (21)
 y - a wand of mindburst (16)
 B - a wand of acid (4)
 D - a wand of flame (13)
Scrolls
 c - a scroll of blinking
 e - a scroll of amnesia
 h - a scroll of identify
 j - 2 scrolls of summoning
 l - 4 scrolls of teleportation
 m - a scroll of enchant weapon
 n - a scroll of immolation
 o - 2 scrolls of magic mapping
 w - a scroll of vulnerability
 C - a scroll of brand weapon
 E - a scroll of noise {unknown}
Potions
 b - a potion of magic {unknown}
 d - 2 potions of ambrosia {unknown}
 i - 2 potions of lignification {unknown}
 k - 3 potions of invisibility
 p - 3 potions of curing
 r - a potion of degeneration {unknown}
 s - a potion of brilliance {unknown}
 t - a potion of might {unknown}
 z - 2 potions of heal wounds {unknown}
 A - a potion of flight {unknown}
 F - a potion of attraction {unknown}


   Skills:
 * Level 6.3 Fighting
 * Level 3.4 Armour
 - Level 1.7 Dodging
 - Level 3.0 Stealth
 + Level 5.8 Spellcasting
 + Level 7.4 Conjurations


You had 9 spell levels left.
You knew the following spells:

 Your Spells              Type           Power      Damage    Failure   Level
a - Magic Dart            Conj           100%       1d8       1%          1
b - Searing Ray           Conj           82%        2d7       1%          2
c - Dazzling Flash        Conj/Hex       46%        N/A       8%          3
d - Fulminant Prism       Conj/Hex       11%        3d9       26%         4

Your spell library contained the following spells:

 Spells                   Type           Power      Damage    Failure   Level
 Poisonous Vapours        Pois/Air       12%        N/A       19%         2
 Iskenderun's Mystic Bla  Conj/Tloc      23%        2d6       26%         4


Dungeon Overview and Level Annotations

Branches:
Dungeon (7/15)             Temple (1/1) D:4

Altars:
Dithmenos
Elyvilon
Gozag
Kikubaaqudgha
Makhleb
Nemelex Xobeh
Qazlal
Ru
Sif Muna
Trog
Uskayaw
Vehumet
Wu Jian
Xom
Yredelemnul
The Shining One

Shops:
D:5 ?

Annotations:
D:7 exclusion: centaur, Joseph


Innate Abilities, Weirdness & Mutations

You have hoof-like feet.
You have a somewhat thin skeletal structure. (Dex +2, Stealth+)
A weak demonic guardian rushes to your aid.
You regenerate magic rapidly.


Message History

Unknown command.
The searing ray hits something.
A sling bullet appears from out of thin air!
The sling bullet hits you!! The sling bullet freezes you.
Unknown command.
The searing ray hits something.
You finish channelling your searing ray.
A sling bullet appears from out of thin air!
The sling bullet hits you.
* * * LOW HITPOINT WARNING * * *
The sling bullet freezes you.
* * * LOW HITPOINT WARNING * * *
Unknown command.
Casting: Searing Ray (safe; 1% risk of failure)
Confirm with . or Enter, or press ? or * to list all spells.
Aiming: Searing Ray (safe; 1% risk of failure)
Press: ? - help, Shift-Dir - straight line The searing ray hits something. (Press . to maintain the ray.)
A sling bullet appears from out of thin air!
The sling bullet completely misses you.
Unknown command.
The searing ray hits something!
A sling bullet appears from out of thin air!
The sling bullet hits you.
* * * LOW HITPOINT WARNING * * *
The sling bullet freezes you.
* * * LOW HITPOINT WARNING * * *
Unknown command.
A sling bullet appears from out of thin air!
The sling bullet hits you.
* * * LOW HITPOINT WARNING * * *
The sling bullet freezes you.
* * * LOW HITPOINT WARNING * * *
Unknown command.
The searing ray hits something but does no damage.
You finish channelling your searing ray.
A sling bullet appears from out of thin air!
The sling bullet hits you!
You die...

#.........####.
#.....
#.........##.#.
.....
####.....###...
.... ###.#.......
.{. #.......#.
..### #.#.......
...## #.#..#....
#...# #.#..#....
#@5.# #.#..#.##.
#...# #.#....##.
#...# #.#.#.[##.
#...#
#.#.#.#..##.
##'## #.#
#.#..##. #.#
#.#.#.......
#.####.#.#.#..##.
#................
##.###.###.##....


You could see a friendly quasit (summoned).

Vanquished Creatures
  A wraith (D:6)
  A water moccasin (D:6)
  An orc warrior (D:6)
  A black bear (D:6)
  A sky beast (D:6)
  2 ice beasts
  3 ogres
  A phantom (D:6)
  A gnoll sergeant (D:7)
  A water moccasin skeleton (D:5)
  3 jellies
  A bullfrog zombie (D:5)
  A centaur skeleton (D:4)
  4 orc priests
  2 hounds
  2 iguanas
  5 orc wizards
  A killer bee zombie (D:7)
  A hound skeleton (D:4)
  7 adders
  11 gnolls
  A shadow imp (D:7)
  2 white imps
  A worm (D:2)
  2 dart slugs
  12 orcs
  8 endoplasms
  3 giant cockroaches
  24 goblins
  26 hobgoblins
  9 jackals
  12 kobolds
  2 quokkas
  3 ball pythons
  5 bats
  5 frilled lizards
  5 rats
171 creatures vanquished.

Vanquished Creatures (collateral kills)
  A gnoll (D:7)
  An endoplasm (D:4)
  A hobgoblin (D:4)
  A jackal (D:4)
  A goblin (D:4)
5 creatures vanquished.

Grand Total: 176 creatures vanquished

Notes
Turn   | Place    | Note
-------+----------+-------------------------------------------
     0 | D:1      | protoss039 the Demonspawn Conjurer began the quest for the
                  | Orb.
     0 | D:1      | Reached XP level 1. HP: 13/13 MP: 3/3
   165 | D:1      | Reached skill level 1 in Fighting
   285 | D:1      | Gained mutation: You have a somewhat thin skeletal
                  | structure. (Dex +2, Stealth+) [demonic ancestry]
   285 | D:1      | Reached XP level 2. HP: 21/21 MP: 3/5
   706 | D:1      | Found a faded altar of an unknown god.
   985 | D:1      | Gained mutation: You have large cloven feet. [demonic
                  | ancestry]
   985 | D:1      | Reached XP level 3. HP: 24/27 MP: 6/6
  1169 | D:2      | Learned a level 2 spell: Searing Ray
  1173 | D:2      | Learned a level 3 spell: Dazzling Flash
  1741 | D:2      | Gained mutation: You regenerate magic rapidly. [demonic
                  | ancestry]
  1741 | D:2      | Reached XP level 4. HP: 27/34 MP: 1/7
  2287 | D:3      | Found an ornate altar of the Wu Jian Council.
  2531 | D:4      | Found a staircase to the Ecumenical Temple.
  2613 | Temple   | Entered the Ecumenical Temple
  2792 | Temple   | Became a worshipper of Vehumet
  2830 | D:4      | Gained mutation: A weak demonic guardian rushes to your
                  | aid. [demonic ancestry]
  2830 | D:4      | Reached XP level 5. HP: 38/41 MP: 6/9
  3750 | D:4      | Reached XP level 6. HP: 47/47 MP: 7/10
  3824 | D:4      | Reached * piety under Vehumet
  3824 | D:4      | Offered knowledge of Freeze by Vehumet.
  3825 | D:4      | Reached skill level 1 in Armour
  3961 | D:4      | Reached skill level 5 in Conjurations
  4346 | D:4      | Reached ** piety under Vehumet
  4349 | D:4      | Offered knowledge of Poisonous Vapours by Vehumet.
  4560 | D:4      | Reached XP level 7. HP: 31/54 MP: 3/12
  5128 | D:5      | Entered Level 5 of the Dungeon
  5300 | D:5      | Found Ali Caliu's Magic Scroll Shoppe.
  5306 | D:5      | Bought a scroll of identify for 28 gold pieces
  5306 | D:5      | Bought a scroll of identify for 28 gold pieces
  5306 | D:5      | Bought a scroll of teleportation for 42 gold pieces
  5306 | D:5      | Bought 3 scrolls of identify for 84 gold pieces
  5503 | D:5      | Found a burning altar of Makhleb.
  5677 | D:5      | Found an opulent altar of Gozag.
  5789 | D:5      | Reached skill level 5 in Fighting
  5935 | D:6      | Reached XP level 8. HP: 24/63 MP: 3/14
  6588 | D:6      | Reached skill level 6 in Conjurations
  6929 | D:6      | Reached skill level 5 in Spellcasting
  6932 | D:6      | Reached skill level 7 in Conjurations
  7529 | D:7      | Found a basalt altar of Yredelemnul.
  7615 | D:6      | Learned a level 4 spell: Fulminant Prism
  7735 | D:7      | Gained mutation: You have hoof-like feet. [demonic
                  | ancestry]
  7735 | D:7      | Reached XP level 9. HP: 50/69 MP: 9/17
  7972 | D:7      | Found a shimmering blue altar of Sif Muna.
  8165 | D:7      | Noticed Joseph
  8176 | D:7      | Shot with a sling bullet by something

Illustrated notes

Levels and vault maps discovered:
D:1:      dpeg_arrival_renting, layout_loops_ring, basic_ecumenical_altar,
          chequers_serial_rivers_micro_a, serial_park_tiny_1,
          minmay_pentomino_p4
D:2:      layout_rooms
D:3:      layout_rooms, mainiacjoe_overflow_six_doors_small
D:4:      minmay_goblin_kobold_castle, layout_loops_ring, temple_pool_b,
          minmay_circle_x
D:5:      layout_basic, mainiacjoe_overflow_24_doors,
          mainiacjoe_overflow_surrounded_room, serial_shops, shop
D:6:      layout_loops_corners
D:7:      layout_basic, mainiacjoe_overflow_chevrons, tgw_sif, uniq_joseph
Temple:   chequers_temple_sunken

Skill      XL: |  1  2  3  4  5  6  7  8 |
---------------+-------------------------+-----
Fighting       | 1 2 3 4 5 6 |  6.3
Spellcasting   | 3 4 5 |  5.8
Stealth        | 2 3 |  3.0
Armour         | 1 2 3 |  3.4
Conjurations   | 5 7 |  7.4
Dodging        | |  1.7

Action                   |  1- 3 |  4- 6 |  7- 9 || total
-------------------------+-------+-------+-------++-------
Melee: Short sword       |    18 |       |       ||    18
       Dagger            |    54 |   120 |    11 ||   185
       Punch             |     1 |     1 |       ||     2
       Kick              |     6 |    33 |     2 ||    41
 Cast: Magic Dart        |    39 |    45 |    21 ||   105
       Searing Ray       |     7 |    25 |    45 ||    77
       Dazzling Flash    |       |    14 |     1 ||    15
Evoke: Wand              |       |       |     4 ||     4
  Use: Scroll            |       |     4 |     8 ||    12
       Potion            |       |       |     3 ||     3
 Stab: Sleeping          |     4 |     3 |       ||     7
       Invisible         |       |     7 |       ||     7
       Distracted        |       |     1 |       ||     1
Armor: Robe              |    25 |    90 |    11 ||   126
       Leather armour    |       |       |     9 ||     9
Dodge: Dodged            |    51 |   142 |    39 ||   232
